 Dungeon Crawl Stone Soup version 0.17-a0-1368-g6ab37f2 (webtiles) character file.

715 wvc the Skirmisher (level 7, 0/56 HPs)
             Began as a Mummy Wanderer on June 12, 2015.
             Was a Priest of Kikubaaqudgha.
             Slain by a sky beast (5 damage)
             ... on level 5 of the Dungeon.
             The game lasted 00:13:59 (5227 turns).

wvc the Skirmisher (Mummy Wanderer)                 Turns: 5227, Time: 00:14:00

Health: 0/56       AC:  5    Str: 12    XL:     7   Next: 41%
Magic:  11/12      EV: 11    Int: 14    God:    Kikubaaqudgha [***...]
Gold:   207        SH:  0    Dex: 14    Spells: 2 memorised, 8 levels left

rFire  x . .     SeeInvis .     p - +4 dagger (venom)
rCold  + . .     Clarity  .     e - +0 leather armour
rNeg   + + +     SustAt   .     (no shield)
rPois  ∞         Gourm    .     k - +0 helmet
rElec  .         Spirit   .     c - +0 cloak
rCorr  .         Warding  .     (no gloves)
rMut   .         Stasis   .     (no boots)
MR     .....                    (no amulet)
Stlth  +.........               (no ring)
                                (no ring)

@: not resistant to hostile enchantments, very unstealthy
A: no food or potions, fire vulnerability, cold resistance 1, negative energy
resistance 3, torment resistance, unbreathing
a: Receive Corpses, Renounce Religion


You were on level 5 of the Dungeon.
You worshipped Kikubaaqudgha.
Kikubaaqudgha was most pleased with you.
You were not hungry.

You visited 1 branch of the dungeon, and saw 5 of its levels.

You collected 207 gold pieces.

Inventory:

Hand weapons
 d - a +0 mace
 f - a +1 scimitar
 l - a +0 blowgun
 p - a +4 dagger of venom (weapon)
Missiles
 i - 6 curare-tipped needles
 m - 16 poisoned needles
Armour
 c - a +0 cloak (worn)
 e - a +0 leather armour (worn)
 k - a +0 helmet (worn)
Magical devices
 j - a wand of frost (28)
Scrolls
 b - 3 scrolls of identify
 g - 4 scrolls of noise
Books
 a - Kikubaaqudgha's Compendium of Dark Secrets
   (Kikubaaqudgha gifted it to you on level 4 of the Dungeon)

   Spells                             Type                      Level
   a - Excruciating Wounds            Charms/Necromancy            5
   b - Bolt of Draining               Conjuration/Necromancy       5
   c - Cigotuvi's Embrace             Necromancy                   5
   d - Dispel Undead                  Necromancy                   5
   e - Death Channel                  Necromancy                   6
 h - Kikubaaqudgha's Compendium of Unholy Secrets
   (Kikubaaqudgha gifted it to you on level 2 of the Dungeon)

   Spells                             Type                      Level
   a - Animate Skeleton               Necromancy                   1
   b - Pain                           Necromancy                   1
   c - Corpse Rot                     Necromancy                   2
   d - Vampiric Draining              Necromancy                   3
   e - Control Undead                 Necromancy                   4


   Skills:
 - Level 5.0 Fighting
 * Level 4.2 Short Blades
   Level 1.0 Bows
 - Level 1.0 Throwing
 - Level 2.0 Armour
 - Level 1.4 Dodging
   Level 1.0 Shields
 + Level 3.3 Spellcasting
 + Level 3.6 Necromancy


You had 8 spell levels left.
You knew the following spells:

 Your Spells              Type           Power        Failure   Level  Hunger
a - Animate Skeleton      Necr           N/A          10%         1    N/A
b - Vampiric Draining     Necr           ##........   21%         3    N/A

Dungeon Overview and Level Annotations

Branches:
Dungeon (5/15)
 Temple: D:4-7

Altars:
Kikubaaqudgha
Makhleb
Okawaru
Trog


Innate Abilities, Weirdness & Mutations

You do not eat or drink.
Your flesh is vulnerable to fire.
You are immune to poison.
Your flesh is cold resistant.
You are immune to negative energy.
You are immune to unholy pain and torment.
You can survive without breathing.


Message History

Kikubaaqudgha accepts your kill. The orc hits you but does no damage.
Something hits you. Something shocks you.
* * * LOW HITPOINT WARNING * * *
The ball python zombie bites you.
* * * LOW HITPOINT WARNING * * *
x2 The ball python zombie constricts you.
The crimson imp hits you but does no damage.
The kobold barely misses you. The orc hits you with a hand axe.
* * * LOW HITPOINT WARNING * * *
You escape the ball python zombie's grasp.
The crimson imp barely misses you.
Things that are here:
a short sword; 2 stones; a kobold corpse The orc hits you with a hand axe.
* * * LOW HITPOINT WARNING * * *
Something hits you.
* * * LOW HITPOINT WARNING * * *
Something shocks you.
You die...
Kikubaaqudgha rasps: "You have failed me!
Welcome... oblivion!"

#........#
#...##.....#
#..###....... ##..#
#...##...
##...##...## #..
##....#...# ..
##........#
#..####..Z.....#
#......@)5.....#
#.......ooo....##.$
##......)K.........
##...............?
##.............#.
#.......###..##
#.####.## #.# #.#
##. .# ## . #


You could see a crimson imp, 3 orcs, a ball python zombie and a kobold.

Vanquished Creatures
  A sky beast (D:5)
  A wight (D:4)
  A crimson imp (D:5)
  The ghost of asdu the Chopper, a weakling VSSk (D:4)
  An orc wizard (D:4)
  5 hounds
  2 orc priests
  A giant frog skeleton (D:4)
  A worker ant (D:5)
  Terence (D:3)
  A hound skeleton (D:4)
  6 adders
  An adder skeleton (D:4)
  3 worms
  12 orcs
  10 bats
  A bat skeleton (D:4)
  6 giant cockroaches
  11 hobgoblins
  2 jackals (D:4)
  8 kobolds
  2 giant geckos
  A giant gecko skeleton (D:4)
  6 giant newts
  16 goblins
  13 rats
114 creatures vanquished.

Vanquished Creatures (collateral kills)
  An orc wizard (D:4)
  2 orcs (D:3)
  2 bats (D:2)
  A hobgoblin (D:2)
  A rat (D:3)
7 creatures vanquished.

Grand Total: 121 creatures vanquished

Notes
Turn   | Place    | Note
--------------------------------------------------------------
     0 | D:1      | wvc the Mummy Wanderer began the quest for the Orb.
     0 | D:1      | wvc set off with: a +2 short sword, a +0 robe
     0 | D:1      | Reached XP level 1. HP: 21/21 MP: 1/1
   204 | D:1      | Reached skill level 1 in Armour
   244 | D:1      | Reached XP level 2. HP: 23/27 MP: 2/2
   940 | D:2      | Found a faded altar to an unknown god.
   981 | D:2      | Became a worshipper of Kikubaaqudgha
   981 | D:2      | Acquired Kikubaaqudgha's first power
   981 | D:2      | Received a gift from Kikubaaqudgha
   982 | D:2      | Identified Kikubaaqudgha's Compendium of Unholy Secrets (Kikubaaqudgha gifted it to you on level 2 of the Dungeon)
   986 | D:2      | Learned a level 1 spell: Animate Skeleton
   994 | D:2      | Reached XP level 3. HP: 33/33 MP: 3/3
  1413 | D:2      | Found an iron altar of Okawaru.
  1871 | D:3      | Reached skill level 1 in Necromancy
  1979 | D:3      | Acquired Kikubaaqudgha's second power
  1998 | D:3      | Reached XP level 4. HP: 34/39 MP: 4/4
  2166 | D:3      | Reached skill level 1 in Spellcasting
  2387 | D:3      | Noticed Terence
  2403 | D:3      | Killed Terence
  2403 | D:3      | Reached XP level 5. HP: 34/44 MP: 5/7
  2874 | D:4      | Learned a level 3 spell: Vampiric Draining
  2883 | D:4      | Noticed asdu's ghost (weakling VSSk)
  3405 | D:4      | Reached XP level 6. HP: 12/51 MP: 6/9
  3414 | D:4      | Received a gift from Kikubaaqudgha
  3415 | D:4      | Identified Kikubaaqudgha's Compendium of Dark Secrets (Kikubaaqudgha gifted it to you on level 4 of the Dungeon)
  4150 | D:4      | Killed asdu's ghost
  4427 | D:4      | Found a bloodstained altar of Trog.
  4962 | D:5      | Entered Level 5 of the Dungeon
  4989 | D:5      | Reached XP level 7. HP: 53/56 MP: 11/11
  5006 | D:5      | Found a burning altar of Makhleb.
  5227 | D:5      | Slain by a sky beast

Vault maps used:
D:1:      saegor_arrival_simple_d
D:2:      ecumenical_altar_2, okawaru_ov_weapons_minmay
D:3:      uniq_terence
D:4:      kennysheep_mini_moat, minmay_hedge_maze,
          minmay_misc_feat_secret_circle, kennysheep_diamond
D:5:      lemuel_round_altar, minmay_temple_entry_enclosed_plants, first_bread,
          basic_altar, uniq_blork_the_orc

Action                   |  1- 3 |  4- 6 |  7- 9 || total
-------------------------+-------+-------+-------++-------
Melee: Short sword       |   149 |    29 |       ||   178
       Dagger            |       |   239 |    23 ||   262
 Cast: Animate Skeleton  |    11 |    27 |     1 ||    39
Evoke: Wand              |       |     5 |       ||     5
  Use: Scroll            |       |    11 |     1 ||    12
 Stab: Sleeping          |     3 |     1 |       ||     4
       Distracted        |       |     1 |       ||     1
